 Dungeon Crawl Stone Soup version 0.12.2-14-g7c90c79 (webtiles) character file.

151 MarVin the Skirmisher (level 4, 20/36 HPs)
             Began as a Demonspawn Fighter on Aug 5, 2013.
             Quit the game on Level 3 of the Dungeon.
             The game lasted 00:04:29 (1947 turns).

MarVin the Skirmisher (Demonspawn Fighter)          Turns: 1947, Time: 00:04:29

HP  20/36        AC  6     Str 17      XL: 4   Next:  1%
MP   3/3         EV  5     Int 10      God:
Gold 83          SH 18     Dex 12      Spells:  0 memorised,  3 levels left

Res.Fire  : . . .   See Invis. : .   a - +0 hand axe {=f}
Res.Cold  : . . .   Warding    : .   b - +0 scale mail
Life Prot.: . . .   Conserve   : .   c - +0 shield
Res.Poison: .       Res.Corr.  : .   (no helmet)
Res.Elec. : .       Clarity    : .   (no cloak)
Sust.Abil.: . .     Spirit.Shd : .   (no gloves)
Res.Mut.  : .       Stasis     : .   (no boots)
Res.Rott. : .       Ctrl.Telep.: .   (no amulet)
Saprovore : . . .   Flight     : .   (no ring)
                                     (no ring)

@: slightly resistant to hostile enchantments, extremely unstealthy
A: talons 1, powered by death 1
a: no special abilities


You were on level 3 of the Dungeon.
You were not hungry.

You visited 1 branch of the dungeon, and saw 3 of its levels.

You collected 63 gold pieces.

Inventory:

Hand weapons
 a - a +0,+0 hand axe (weapon) {=f}
Missiles
 p - 4 javelins (quivered)
Armour
 b - a +0 scale mail (worn)
 c - a +0 shield (worn)
 f - a +0 pair of gauntlets
Comestibles
 d - a bread ration
 q - a chunk of jackal flesh
Scrolls
 e - a scroll of blinking {unknown}
 h - a scroll of fog {unknown}
 k - 5 scrolls of teleportation {unknown}
 l - a scroll of enchant weapon I {unknown}
 m - a scroll of curse jewellery {unknown}
 n - 3 scrolls of recharging {unknown}
 o - 2 scrolls of identify {unknown}
 t - a scroll of curse weapon {unknown}
Jewellery
 g - a cursed ring of teleportation {unknown}
 s - an uncursed ring of invisibility {unknown}
Potions
 i - a potion of might {unknown}
 j - a potion of speed {unknown}


   Skills:
 + Level 3.2 Fighting
 + Level 2.1 Axes
 + Level 3.2 Armour
 + Level 1.5 Dodging
 + Level 0.2 Stealth
 + Level 3.1 Shields


You had 3 spell levels left.
You didn't know any spells.

Dungeon Overview and Level Annotations

Branches:
Dungeon (3/27)

Altars:
Ashenzari
Sif Muna


Innate Abilities, Weirdness & Mutations

You have sharp toenails.
You can steal the life force of nearby defeated enemies.


Message History

The orc hits you with a runed orcish mace.
You hit the orc.
The orc is heavily wounded.
You feel less regenerative. You block the orc's attack.
Your scale mail prevents you from hitting the orc.
The orc is heavily wounded.
You block the orc's attack.
The orc hits you with a runed orcish mace!
You hit the orc.
You kill the orc!
You barely miss the orc. You block the orc's attack.
You hit the orc.
You kill the orc!
You have reached level 4!
You feel monstrous as your demonic heritage exerts itself.
Your demonic ancestry asserts itself...
Your toenails lengthen and sharpen.
You feel clever.
Are you sure you want to abandon this character and quit the game? (Confirm with "yes".)

#.# ##.#### .......
.. ...... ... .....
...>####... ..
.....#.. .... #...#)#
.#...##...#@####.##
....................?
..#...##.............
#.....##...%#.####...
.#.....##....#.# ..
.#.#.....##....#.#
.#.###...##>...#.##
..........._........
#...##...##...##.##


There were no monsters in sight!

Vanquished Creatures
  2 giant mites (D:2)
  A giant gecko (D:2)
  2 oozes (D:1)
  2 orcs (D:3)
  A ball python (D:1)
  7 hobgoblins
  8 jackals
  5 kobolds
  3 bats
  A giant cockroach (D:1)
  4 giant newts
  5 goblins
  A quokka (D:2)
  7 rats
49 creatures vanquished.

Vanquished Creatures (others)
  A bat (D:1)
  A giant newt (D:1)
2 creatures vanquished.

Grand Total: 51 creatures vanquished

Notes
Turn   | Place    | Note
--------------------------------------------------------------
     0 | D:1      | MarVin, the Demonspawn Fighter, began the quest for the Orb.
     0 | D:1      | Reached XP level 1. HP: 18/18 MP: 0/0
    57 | D:1      | Reached XP level 2. HP: 6/24 MP: 1/1
   855 | D:1      | Reached skill level 1 in Dodging
   855 | D:1      | Gained mutation: You can steal the life force of nearby defeated enemies. [demonic ancestry]
   855 | D:1      | Reached XP level 3. HP: 30/30 MP: 2/2
  1324 | D:2      | Found a deep blue altar of Sif Muna.
  1922 | D:3      | Found a shattered altar of Ashenzari.
  1946 | D:3      | Gained mutation: You have sharp toenails. [demonic ancestry]
  1946 | D:3      | Reached XP level 4. HP: 20/36 MP: 3/3
  1947 | D:3      | Quit the game

Action                   |  1- 3 |  4- 6 || total
-------------------------+-------+-------++-------
Melee: Hand axe          |   189 |       ||   189
